 Dungeon Crawl Stone Soup version 0.23.1 (webtiles) character file.

Game seed: 2047347164469384568

109825 Fang the Warrior (level 16, 0/163 HPs)
             Began as a Gargoyle Berserker on Mar 14, 2019.
             Was a High Priest of Trog.
             Killed by divine providence
             ... invoked by an orc priest
              (13 damage)
             ... on level 2 of the Orcish Mines.
             The game lasted 00:37:08 (24623 turns).

Fang the Warrior (Gargoyle Berserker)              Turns: 24623, Time: 00:37:09

Health: 0/163      AC: 45    Str: 35    XL:     16   Next: 53%
Magic:  14/14      EV: 16    Int:  8    God:    Trog [*****.]
Gold:   1772       SH:  0    Dex: 15    Spells: 15/15 levels left

rFire    . . .     SeeInvis +   H - +8 war axe of Battle {protect, +Rage Str+2 Stlth+}
rCold    . . .     Gourm    .   (no shield)
rNeg     + . .     Faith    .   w - +0 plate armour of Parts Unknown {Dex+6}
rPois    ∞         Spirit   .   (helmet restricted)
rElec    +         Reflect  .   (no cloak)
rCorr    .         Harm     .   R - +1 pair of gloves
MR       +....                  V - +1 pair of boots {Stlth+}
Stlth    ..........             (no amulet)
HPRegen  0.37/turn              F - ring of see invisible
MPRegen  0.14/turn              s - +4 ring of protection

@: berserking, protection aura, flying, very quick
A: big wings, beak, low mp 1, negative energy resistance 1, electricity
resistance, unbreathing, petrification resistance, rot immunity, AC +12
a: Stop Flying, Berserk, Trog's Hand, Brothers in Arms, Renounce Religion, Evoke
Berserk Rage


You were on level 2 of the Orcish Mines.
You worshipped Trog.
Trog was extremely pleased with you.
You were near starving.

You visited 4 branches of the dungeon, and saw 24 of its levels.

You collected 2108 gold pieces.
You spent 336 gold pieces at shops.

Inventory:

Hand Weapons
 d - a +6 executioner's axe of chopping
 i - a +4 war axe of freezing
 H - the +8 war axe of Battle (weapon) {protect, +Rage Str+2 Stlth+}
   (You acquired it on level 11 of the Dungeon)

   It protects the one who uses it against injury (+AC on strike).
   It affects your strength (+2).
   It lets you go berserk.
   It makes you more stealthy.
 O - a +4 hand axe of venom
 T - a +3 antimagic battleaxe
 W - a +5 battleaxe of freezing
 Y - a +4 antimagic broad axe
Missiles
 b - 7 javelins of penetration (quivered)
Armour
 w - the +0 plate armour of Parts Unknown (worn) {Dex+6}
   (You found it on level 4 of the Dungeon)

   It affects your dexterity (+6).
 x - the +2 leather armour "Sovias" {rN+}
   (You found it on level 4 of the Dungeon)

   It protects you from negative energy.
 y - a +2 plate armour
 M - +1 fire dragon scales
 R - a +1 pair of gloves (worn)
 V - a +1 pair of boots of stealth (worn)
Jewellery
 l - a +4 ring of dexterity
 s - a +4 ring of protection (right hand)
 F - a ring of see invisible (left hand)
 X - an uncursed amulet of regeneration
Wands
 n - a wand of random effects (16)
 B - a wand of flame (52)
 C - a wand of digging (5)
 D - a wand of paralysis (18)
 E - a wand of polymorph (12)
 I - a wand of enslavement (6)
 S - a wand of iceblast (19)
Scrolls
 e - 8 scrolls of remove curse
 h - 2 scrolls of fear
 k - 10 scrolls of teleportation
 o - a scroll of summoning
 t - 5 scrolls of magic mapping
 G - 3 scrolls of identify
 K - 2 scrolls of fog
 N - a scroll of holy word
 Q - a scroll of blinking
Potions
 a - a potion of cancellation
 f - 2 potions of invisibility
 g - 4 potions of ambrosia
 j - 4 potions of haste
 m - 8 potions of curing
 p - a potion of might
 q - a potion of resistance
 r - 2 potions of berserk rage
 u - 3 potions of magic
 v - 2 potions of brilliance
 J - a potion of heal wounds
 L - a potion of agility
Comestibles
 c - 34 rations
 z - 7 chunks of flesh


   Skills:
 + Level 15.7 Fighting
 + Level 13.5 Axes
 + Level 15.6 Armour
 + Level 12.4 Dodging


You had 15 spell levels left.
You didn't know any spells.
Your spell library was empty.

Dungeon Overview and Level Annotations

Branches:
Dungeon (15/15)            Temple (1/1) D:7            Lair (6/6) D:10
 Shoals (0/4) Lair:2        Snake (0/4) Lair:3        Slime (0/5) Lair:6
    Orc (2/2) D:10            Elf (0/3) Orc:2        Vaults (0/5) D:13
 Depths (0/5) D:15

Altars:
Ashenzari
Cheibriados
Gozag
Makhleb
Nemelex Xobeh
Qazlal
Ru
Sif Muna
Trog
Uskayaw
Xom
Zin
Beogh
Jiyva

Shops:
D:8 [   D:12 !   Orc:2 }!


Innate Abilities, Weirdness & Mutations

You are resistant to torment.
Your stone body is resilient. (AC +12)
You are immune to poison.
Your large and strong wings let you fly indefinitely.
You resist negative energy. (rN+)
You are resistant to electric shocks. (rElec)
You can survive without breathing.
You are immune to petrification.
You are immune to rotting.
You have a beak for a mouth.
Your magical capacity is low. (-10% MP)


Message History

You kill the gnoll!
Trog accepts your kill. The orc hits you but does no damage.
The orc warrior barely misses you.
The orc knight hits you but does no damage.
You fly downwards.
You feel a strong urge to attack something.
The orc warrior throws a tomahawk.
The tomahawk closely misses you.
There is a stone staircase leading up here.
You see here 2 tomahawks.
You hit the orc knight. Your peck misses the orc knight.
The orc knight is heavily wounded.
You slash the orc!
You kill the orc!
Trog accepts your kill.
You hit the orc warrior. You slash the orc!
You kill the orc!
Trog accepts your kill.
The orc priest invokes the aid of Beogh against you.
Beogh smites you!
You die...

#.##
##....##.######......#.##..
...## #.......# ###......###
#.#
....###.......####.........#
###
....#.##..))[....#.).......#
)............<...[)..........
o(..o......###.....(....##...
o....o.....# ##.....##### ...
###..oo...## #.).....# .. #
#..o....#####)@o...##
##.o....##.o.)o)....#
###....#..o..........
##...o.)o..........
#.....o.#######... #.....o.#
.. ###.....# . ##.#..# ######


You could see an orc knight, 4 orc warriors and 3 orc priests.

Vanquished Creatures
  Kirke (Lair:5)
  An orc warlord (Orc:2)
  Nessos (Lair:5)
  5 eidola (D:14)
  Erolcha (D:11)
  An ogre mage (D:14)
  Josephine (D:14)
  A fire dragon (Lair:6)
  Harold (D:8)
  5 hydras
  A vault guard (D:13)
  Erica (D:11)
  A centaur warrior (D:13)
  A tengu warrior (D:13)
  5 two-headed ogres
  5 death yaks
  4 orc high priests (Orc:2)
  Nergalle (D:11)
  8 skeletal warriors
  A glowing orange brain (shapeshifter) (D:15)
  A lindwurm (Lair:6)
  Pikel (D:6)
  A wolf spider zombie (D:14)
  2 phantasmal warriors (D:14)
  2 wizards (D:13)
  A necromancer (Lair:4)
  6 orc knights
  10 ugly things
  A cyclops (D:11)
  A manticore (D:14)
  A wolf spider (D:15)
  A salamander (D:15)
  A merfolk siren (Lair:2)
  3 elephants (Lair:6)
  Joseph (D:8)
  6 black mambas
  3 orange demons (D:13)
  A molten gargoyle (Lair:6)
  14 spiny frogs
  5 rime drakes
  7 yaktaurs
  2 kobold demonologists
  7 komodo dragons
  A gargoyle (D:12)
  2 redback zombies (D:14)
  A red devil (D:13)
  7 trolls
  Prince Ribbit (D:7)
  A hornet (D:11)
  29 blink frogs
  6 slime creatures
  2 meliai zombies
  10 hippogriffs
  A tarantella (shapeshifter) (D:13)
  4 flying skulls (D:14)
  5 wraiths
  28 yaks
  3 vampires
  22 humans (D:13)
  6 wyverns
  5 hogs
  A steam dragon (Lair:6)
  A hungry ghost (D:15)
  Grum (D:8)
  6 basilisks
  5 wargs
  15 water moccasins
  4 nagas (Lair:3)
  2 hell hounds (Lair:6)
  2 soldier ants
  9 porcupines
  7 sky beasts
  3 slaves (D:6)
  3 elephant zombies (Lair:4)
  28 orc warriors
  A phantom (D:10)
  3 black bears
  A necrophage (D:6)
  4 ice beasts
  11 wolves
  9 ogres
  5 centaurs
  13 crocodiles
  3 big kobolds
  A komodo dragon zombie (Lair:4)
  A gnoll sergeant (D:9)
  16 bullfrogs
  3 wyvern zombies
  3 wyvern skeletons
  5 scorpions
  11 killer bees
  5 wights (D:15)
  4 electric eels
  2 bullfrog zombies (D:13)
  4 crimson imps
  4 lava snakes (Lair:6)
  A quasit (D:11)
  2 basilisk zombies (Lair:4)
  19 orc priests
  9 centaur zombies
  2 jellies
  11 centaur skeletons
  2 bullfrog skeletons
  12 hounds
  4 iguanas
  12 orc wizards
  9 worker ants
  A killer bee zombie (D:9)
  A hound skeleton (D:8)
  A hound zombie (D:7)
  2 worker ant zombies
  8 adders
  13 gnolls
  A howler monkey skeleton (D:4)
  3 shadow imps
  3 oozes
  3 adder skeletons
  A worm (D:3)
  A dart slug (D:2)
  6 leopard geckos
  104 orcs
  4 ball pythons
  8 giant cockroaches
  6 goblins
  9 hobgoblins
  20 jackals
  12 kobolds
  4 quokkas
  6 bats
  5 frilled lizards
  A jackal skeleton (D:8)
  2 quokka skeletons (D:4)
  3 rats
  3 fungi
768 creatures vanquished.

Vanquished Creatures (collateral kills)
  Snorg (Lair:6)
  4 hydras
  2 two-headed ogres (D:14)
  A death knight (D:14)
  6 death yaks
  A lindwurm (Lair:6)
  2 orc knights
  2 black mambas (Lair:6)
  2 molten gargoyles (Lair:6)
  A rime drake (Lair:6)
  A troll (D:14)
  3 slime creatures (D:13)
  A shadow (D:14)
  A wyvern (Lair:6)
  A steam dragon (Lair:6)
  A hell hound (Lair:6)
  A porcupine (D:10)
  3 orc warriors (D:12)
  A sky beast (D:14)
  2 ogres
  A wolf (Lair:6)
  A crocodile (Lair:2)
  A bullfrog (Lair:2)
  A lava snake (Lair:6)
  2 orc priests
  3 hell rats (D:10)
  2 river rats (D:10)
  A leopard gecko (D:10)
  18 orcs
  A quokka (D:10)
  A rat (D:10)
69 creatures vanquished.

Vanquished Creatures (others)
  3 fungi
  2 plants (Lair:6)
5 creatures vanquished.

Grand Total: 842 creatures vanquished

Notes
Turn   | Place    | Note
-------+----------+-------------------------------------------
     0 | D:1      | Fang the Gargoyle Berserker began the quest for the Orb.
     0 | D:1      | Reached XP level 1. HP: 14/14 MP: 1/1
   138 | D:1      | Reached XP level 2. HP: 19/19 MP: 2/2
   644 | D:1      | You fall through a shaft!
   659 | D:2      | Reached XP level 3. HP: 21/23 MP: 3/3
   805 | D:2      | Reached ** piety under Trog
   893 | D:2      | Reached XP level 4. HP: 21/29 MP: 4/4
  1009 | D:2      | Found a deep blue altar of Sif Muna.
  1165 | D:2      | Found a shimmering altar of Xom.
  1165 | D:2      | Found a burning altar of Makhleb.
  2096 | D:3      | Found a glowing silver altar of Zin.
  2188 | D:3      | Reached XP level 5. HP: 32/33 MP: 5/5
  2569 | D:4      | Reached *** piety under Trog
  2613 | D:4      | Reached XP level 6. HP: 32/39 MP: 6/6
  2622 | D:4      | Got a bloodstained plate armour
  2633 | D:4      | Identified the cursed +0 plate armour of Parts Unknown
                  | {Dex+6} (You found it on level 4 of the Dungeon)
  2668 | D:4      | Found a shimmering altar of Xom.
  2669 | D:4      | Found a shimmering altar of Xom.
  2670 | D:4      | Found a shimmering altar of Xom.
  2671 | D:4      | Found a shimmering altar of Xom.
  2788 | D:4      | Got a smoking leather armour
  3600 | D:5      | Entered Level 5 of the Dungeon
  3610 | D:5      | Reached skill level 5 in Fighting
  3689 | D:5      | Reached XP level 7. HP: 44/44 MP: 7/7
  3836 | D:5      | Found a shattered altar of Ashenzari.
  4437 | D:6      | Noticed an air elemental
  4461 | D:6      | Reached skill level 5 in Armour
  4475 | D:6      | Reached XP level 8. HP: 25/51 MP: 8/8
  4481 | D:6      | Reached skill level 5 in Axes
  4735 | D:6      | Found a hide-covered altar of Uskayaw.
  4860 | D:6      | Found a stormy altar of Qazlal.
  4861 | D:6      | Noticed a water elemental
  4893 | D:6      | Noticed Pikel
  4907 | D:6      | Killed Pikel
  4907 | D:6      | Reached XP level 9. HP: 56/56 MP: 9/9
  5081 | D:7      | Found a staircase to the Ecumenical Temple.
  5097 | Temple   | Entered the Ecumenical Temple
  5139 | D:7      | Reached **** piety under Trog
  5139 | D:7      | Reached skill level 5 in Dodging
  5380 | D:7      | Noticed Prince Ribbit
  5400 | D:7      | Killed Prince Ribbit
  5493 | D:7      | Found a sacrificial altar of Ru.
  5516 | D:7      | Found a burning altar of Makhleb.
  5705 | D:7      | Found a bloodstained altar of Trog.
  6295 | D:8      | Identified the +2 leather armour "Sovias" {rN+} (You found
                  | it on level 4 of the Dungeon)
  6460 | D:8      | Reached XP level 10. HP: 37/64 MP: 10/10
  6494 | D:8      | Noticed Harold
  6511 | D:8      | Killed Harold
  6983 | D:8      | Reached ***** piety under Trog
  7035 | D:8      | Found an opulent altar of Gozag.
  7047 | D:8      | Noticed Grum
  7061 | D:8      | Killed Grum
  7061 | D:8      | Received a gift from Trog
  7336 | D:8      | Noticed Joseph
  7352 | D:8      | Killed Joseph
  7383 | D:8      | Found Empaseen's Antique Armour Boutique.
  7810 | D:9      | Found an opulent altar of Gozag.
  7979 | D:9      | Noticed a two-headed ogre
  7989 | D:9      | Killed a two-headed ogre
  7989 | D:9      | Reached XP level 11. HP: 17/72 MP: 11/11
  8824 | D:10     | Entered Level 10 of the Dungeon
  8858 | D:10     | Reached skill level 10 in Fighting
  9135 | D:10     | Found a roughly hewn altar of Beogh.
  9135 | D:10     | Found a staircase to the Orcish Mines.
  9139 | D:10     | Noticed an orc knight
  9164 | D:10     | Killed an orc knight
  9577 | D:10     | Found a staircase to the Lair.
  9577 | D:10     | Noticed a death yak
  9578 | D:10     | Noticed a death yak
  9579 | D:10     | Noticed a death yak
  9587 | D:10     | Killed a death yak
  9589 | D:10     | Killed a death yak
  9589 | D:10     | Reached skill level 10 in Armour
  9591 | D:10     | Killed a death yak
 10168 | D:11     | Gained mutation: You are agile. (Dex +2) [potion of
                  | mutation]
 10168 | D:11     | Gained mutation: You have sharp toenails. [potion of
                  | mutation]
 10168 | D:11     | Gained mutation: You have a pair of small horns on your
                  | head. [potion of mutation]
 10169 | D:11     | Lost mutation: You have sharp toenails. [potion of
                  | mutation]
 10169 | D:11     | Lost mutation: You are agile. (Dex +2) [potion of mutation]
 10169 | D:11     | Gained mutation: You are clumsy. (Dex -2) [potion of
                  | mutation]
 10169 | D:11     | Gained mutation: Your mind is acute. (Int +2) [potion of
                  | mutation]
 10169 | D:11     | Gained mutation: You are covered in fur. (AC +1) [potion of
                  | mutation]
 10170 | D:11     | Lost mutation: You are clumsy. (Dex -2) [potion of
                  | mutation]
 10170 | D:11     | Lost mutation: You are covered in fur. (AC +1) [potion of
                  | mutation]
 10170 | D:11     | Lost mutation: Your mind is acute. (Int +2) [potion of
                  | mutation]
 10170 | D:11     | Gained mutation: Scrolls take you a little longer to read.
                  | [potion of mutation]
 10170 | D:11     | Gained mutation: You are frail. (-10% HP) [potion of
                  | mutation]
 10170 | D:11     | Gained mutation: Your flesh is cold resistant. (rC+)
                  | [potion of mutation]
 10249 | D:11     | Noticed a cyan ugly thing
 10254 | D:11     | Killed a cyan ugly thing
 10351 | D:11     | Noticed Erolcha
 10352 | D:11     | Noticed a two-headed ogre
 10353 | D:11     | Noticed a cyclops
 10360 | D:11     | Killed Erolcha
 10361 | D:11     | Killed a two-headed ogre
 10362 | D:11     | Reached XP level 12. HP: 65/71 MP: 12/12
 10496 | D:11     | Found a sparkling altar of Nemelex Xobeh.
 10542 | D:11     | Noticed Erica
 10551 | D:11     | Killed Erica
 10628 | D:11     | Noticed Nergalle
 10655 | D:11     | Killed Nergalle
 10710 | D:11     | Noticed a five-headed hydra
 10717 | D:11     | Killed a five-headed hydra
 10743 | D:11     | Identified 2 scrolls of acquirement
 10745 | D:11     | Got a twisted war axe
 10746 | D:11     | Identified the +8 war axe of Battle {protect, +Rage Str+2
                  | Stlth+} (You acquired it on level 11 of the Dungeon)
 11153 | Lair:1   | Entered Level 1 of the Lair of Beasts
 11369 | Lair:1   | Reached skill level 10 in Axes
 11520 | Lair:1   | Reached ****** piety under Trog
 11820 | Lair:2   | Noticed a four-headed hydra
 11841 | Lair:2   | Killed a seven-headed hydra
 12338 | Lair:2   | Reached XP level 13. HP: 77/77 MP: 13/13
 12402 | Lair:2   | Found a staircase to the Shoals.
 12838 | Lair:3   | Received a gift from Trog
 12839 | Lair:3   | Found a staircase to the Snake Pit.
 14238 | Lair:4   | Reached skill level 10 in Dodging
 15119 | Lair:5   | Noticed Nessos
 15133 | Lair:5   | Killed Nessos
 15133 | Lair:5   | Gained mutation: Your large and strong wings let you fly
                  | indefinitely. [Gargoyle growth]
 15133 | Lair:5   | Reached XP level 14. HP: 74/84 MP: 14/14
 15312 | Lair:5   | Noticed Kirke
 15332 | Lair:5   | Killed Kirke
 15908 | Lair:5   | Lost mutation: Your flesh is cold resistant. (rC+) [potion
                  | of mutation]
 15908 | Lair:5   | Lost mutation: You are frail. (-10% HP) [potion of
                  | mutation]
 15908 | Lair:5   | Lost mutation: Scrolls take you a little longer to read.
                  | [potion of mutation]
 15908 | Lair:5   | Gained mutation: You are frail. (-10% HP) [potion of
                  | mutation]
 15908 | Lair:5   | Gained mutation: You are agile. (Dex +2) [potion of
                  | mutation]
 15930 | Lair:6   | Entered Level 6 of the Lair of Beasts
 16003 | Lair:6   | Found a viscous altar of Jiyva.
 16004 | Lair:6   | Found a staircase to the Slime Pits.
 16417 | Lair:6   | Noticed Snorg
 16424 | Lair:6   | Killed Snorg
 16616 | Lair:6   | Received a gift from Trog
 17461 | Lair:6   | Found a large runed translucent door.
 17461 | Lair:6   | Found a large runed translucent door.
 18264 | D:12     | Found Keschy's Distillery.
 18273 | D:12     | Bought a potion of heal wounds for 80 gold pieces
 18468 | D:12     | Found a roughly hewn altar of Beogh.
 18989 | D:12     | You are sucked into a shaft!
 19005 | D:13     | Reached XP level 15. HP: 75/90 MP: 15/15
 19379 | D:13     | Received a gift from Trog
 19577 | D:13     | Received a gift from Trog
 19977 | D:13     | Found a gate to the Vaults.
 20739 | D:14     | Noticed Josephine
 20746 | D:14     | Killed Josephine
 20782 | D:14     | Lost mutation: You have a pair of small horns on your head.
                  | [potion of mutation]
 20782 | D:14     | Lost mutation: You are agile. (Dex +2) [potion of mutation]
 20782 | D:14     | Gained mutation: You have sharp fingernails. [potion of
                  | mutation]
 20782 | D:14     | Gained mutation: You are somewhat resistant to further
                  | mutation. [potion of mutation]
 20874 | D:14     | Received a gift from Trog
 21115 | D:14     | Reached skill level 15 in Fighting
 21763 | D:14     | Reached skill level 15 in Armour
 22196 | D:14     | Reached XP level 16. HP: 76/97 MP: 16/16
 22208 | D:15     | Entered Level 15 of the Dungeon
 22952 | D:15     | Found a staircase to the Depths.
 23752 | Orc:1    | Entered Level 1 of the Orcish Mines
 23918 | Orc:2    | Entered Level 2 of the Orcish Mines
 23979 | Orc:2    | Found Suruhain's Distillery.
 23979 | Orc:2    | Found a staircase to the Elven Halls.
 24006 | Orc:2    | Received a gift from Trog
 24009 | Orc:2    | Found Fagak's Gadget Shop.
 24220 | Orc:2    | Bought 2 potions of mutation for 256 gold pieces
 24220 | Orc:2    | Lost mutation: You are frail. (-10% HP) [potion of
                  | mutation]
 24220 | Orc:2    | Lost mutation: You are somewhat resistant to further
                  | mutation. [potion of mutation]
 24220 | Orc:2    | Lost mutation: You have sharp fingernails. [potion of
                  | mutation]
 24220 | Orc:2    | Gained mutation: You are dopey. (Int -2) [potion of
                  | mutation]
 24220 | Orc:2    | Gained mutation: Your spells are a little harder to cast,
                  | but a little more powerful. [potion of mutation]
 24221 | Orc:2    | Lost mutation: You are dopey. (Int -2) [potion of mutation]
 24221 | Orc:2    | Lost mutation: Your spells are a little harder to cast, but
                  | a little more powerful. [potion of mutation]
 24221 | Orc:2    | Gained mutation: Your magical capacity is low. (-10% MP)
                  | [potion of mutation]
 24221 | Orc:2    | Gained mutation: You have a beak for a mouth. [potion of
                  | mutation]
 24246 | Orc:2    | Found a roughly hewn altar of Beogh.
 24623 | Orc:2    | Killed from afar by an orc priest

Skill      XL: |  1  2  3  4  5  6  7  8  9 10 11 12 13 14 15 |
---------------+----------------------------------------------+-----
Axes           | 3 4 5 6 8 9 10 11 12 13 | 13.5
Dodging        | 2 3 4 5 7 8 9 10 11 12 | 12.4
Armour         | 3 4 5 6 7 9 10 11 13 14 15 | 15.6
Fighting       | 4 5 6 8 9 10 12 13 14 15 | 15.7

Action                   |  1- 3 |  4- 6 |  7- 9 | 10-12 | 13-15 | 16-18 || total
-------------------------+-------+-------+-------+-------+-------+-------++-------
Melee: Hand axe          |   122 |   214 |   428 |   163 |       |       ||   927
       War axe           |       |       |       |   454 |  1048 |   336 ||  1838
       Headbutt          |       |       |       |    65 |   259 |       ||   324
       Peck              |       |       |       |       |       |    31 ||    31
Invok: Berserk           |       |     1 |     5 |     5 |     8 |     4 ||    23
       Brothers in Arms  |       |       |       |     4 |     8 |     2 ||    14
 Abil: Fly               |       |       |       |       |     1 |       ||     1
  Use: Scroll            |       |       |    16 |    19 |     9 |     9 ||    53
       Potion            |       |       |       |     4 |     6 |     4 ||    14
 Stab: Paralysed         |       |       |     1 |       |       |       ||     1
       Distracted        |       |       |       |       |     2 |       ||     2
  Eat: Chunk             |       |    10 |    14 |    22 |    36 |    13 ||    95
       Ration            |       |       |       |     1 |     2 |       ||     3
Armor: Animal skin       |    71 |     1 |       |       |       |       ||    72
       Chain mail        |       |    98 |       |       |       |       ||    98
       Plate armour      |       |    62 |   316 |   511 |   944 |   210 ||  2043
       Skin              |       |       |     3 |       |       |       ||     3
Dodge: Dodged            |   118 |   100 |   227 |   428 |   847 |   217 ||  1937
